 Dungeon Sprint DCSS version 0.31-a0-588-g14bffd4ff3 (webtiles) character file.

Game seed: 14116381060074099245

291 Conn the Arsonist (level 6, -4/36 HPs)
             Began as an Octopode Fire Elementalist on Aug 19, 2023.
             Was an Initiate of Sif Muna.
             Slain by a yak (14 damage)
             ... in the Dungeon (Sprint I: "Red Sonja").
             The game lasted 00:02:29 (344 turns).

Conn the Arsonist (Octopode Fire Elementalist)       Turns: 344, Time: 00:02:30

Health: -4/36      AC:  1    Str:  8    XL:     6   Next: 32%
Magic:  8/15       EV: 14    Int: 19    God:    Sif Muna [......]
Gold:   297        SH:  0    Dex: 12    Spells: 8/18 levels left

rFire   . . .        (no weapon)
rCold   . . .        (no shield)
rNeg    . . .        (helmet restricted)
rPois   .            (no amulet)
rElec   .            (no ring)
rCorr   .            (no ring)
SInv    .            (no ring)
Will    .....        (no ring)
Stlth   ++++         (no ring)
HPRegen 0.26/turn    (no ring)
MPRegen 0.14/turn    (no ring)
                     (no ring)

%: no teleportation
@: no status effects
A: almost no armour, amphibious, 8 rings, camouflage 1, gelatinous body 1,
(nimble swimmer 1), tentacles
a: Renounce Religion


You were in the Dungeon.
You worshipped Sif Muna.
Sif Muna was noncommittal.
You visited 1 branch You collected 297 gold pieces.

Inventory:

Wands
 d - a wand of mindburst (14)
Scrolls
 e - a scroll of fear {unknown}
 f - a scroll of blinking
Potions
 a - 3 potions of magic
 b - a potion of curing
 c - a potion of heal wounds


   Skills:
 + Level 4.2 Dodging
 + Level 5.1 Stealth
 * Level 6.8 Spellcasting
 * Level 5.2 Conjurations
 + Level 8.3 Fire Magic


You had 8 spell levels left.
You knew the following spells:

 Your Spells              Type           Power      Damage    Failure   Level
a - Foxfire               Conj/Fire      100%       2x1d9     1%          1
b - Scorch                Fire           76%        2d8       1%          2
c - Inner Flame           Hex/Fire       22%        N/A       5%          3
d - Flame Wave            Conj/Fire      32%        2d9       6%          4

Your spell library contained the following spells:

 Spells                   Type           Power      Damage    Failure   Level
 Volatile Blastmotes      Fire/Tloc      44%        2d13      5%          3


Dungeon Overview and Level Annotations

Branches:
Dungeon (1/1)

Altars:
Cheibriados
Dithmenos
Elyvilon
Fedhas
Hepliaklqana
Kikubaaqudgha
Okawaru
Qazlal
Ru
Sif Muna
Trog
Uskayaw
Vehumet
Wu Jian
Yredelemnul
Zin
The Shining One

Shops:
D (


Innate Abilities, Weirdness & Mutations

You cannot wear most types of armour.
You are amphibious.
You can wear up to eight rings at the same time.
Your skin changes colour to match your surroundings (Stealth+).
Your rubbery body absorbs attacks. (AC +1, EV +1)
((You are camouflaged when in or above water. (Stealth+)))
You have tentacles for arms and can constrict up to eight enemies at once.


Message History

You now have 297 gold pieces (gained 27).
There is an open door here.
There is an ornate altar of the Wu Jian Council here.
You see here a +0 ring mail.
You see here a +0 long sword.
There is an open door here.
Okay, then.
Unknown command.
You see here a +0 long sword.
You see here a +0 ring mail.
There is a shimmering blue altar of Sif Muna here.
You curl up in front of the altar of Sif Muna.
Sif Muna welcomes you!
Unknown command.
Press < or > to pray at altars.
You open the door.
A yak comes into view.
The yak bellows!
Found Qomeuqo's Weapon Emporium.
Found fourteen altars.
Casting: Scorch (safe; 1% risk of failure)
Confirm with . or Enter, or press ? or * to list all spells.
Flames lash the yak.
The yak is moderately wounded.
The yak's fire resistance burns away.
The yak gores you!
Unknown command.
Casting: Scorch (safe; 1% risk of failure)
Confirm with . or Enter, or press ? or * to list all spells.
Casting: Flame Wave (quite dangerous; 6% risk of failure)
Press: ? - help, Dir - look around, f - activate A wave of flame ripples out!
The flame wave engulfs the yak!
The yak is burned terribly!
The yak is heavily wounded. (Press . to intensify the flame waves.)
The yak gores you!
* * * LOW HITPOINT WARNING * * *
A wave of flame ripples out!
The flame wave engulfs the yak!
The yak is burned terribly!
The yak is almost dead.
The yak gores you!
You die...

################
#<.#.)'..#..'..#
#..'..#..').#..+
#..#####'#####'#
#..# #..#...#)#
#..#__####..##[#
#..#_____##'#_.+
#⌠⌠#_.∩...Y@.._#
####_..__##_.#'#
___ ##+#.# # ###


You could see a yak (combustible).

Vanquished Creatures
  Sigmund (D)
  An ogre (D)
  A jelly (D)
  Ijyb (D)
4 creatures vanquished.

Vanquished Creatures (others)
  4 foxfires (D)
4 creatures vanquished.

Grand Total: 8 creatures vanquished

Notes
Turn   | Place    | Note
-------+----------+-------------------------------------------
     0 | D        | Conn the Octopode Fire Elementalist began the quest for the
                  | Orb.
     0 | D        | Reached XP level 1. HP: 11/11 MP: 3/3
     1 | D        | Noticed Ijyb
     8 | D        | Killed Ijyb
     9 | D        | Reached skill level 4 in Fire Magic
     9 | D        | Reached XP level 2. HP: 2/17 MP: 4/6
     9 | D        | Reached XP level 3. HP: 3/21 MP: 4/7
    94 | D        | Learned a level 2 spell: Scorch
    98 | D        | Learned a level 3 spell: Inner Flame
   106 | D        | Noticed an ogre
   113 | D        | Killed an ogre
   114 | D        | Reached skill level 6 in Fire Magic
   114 | D        | Reached XP level 4. HP: 13/27 MP: 0/10
   207 | D        | Learned a level 4 spell: Flame Wave
   207 | D        | Noticed Sigmund
   210 | D        | Killed Sigmund
   211 | D        | Reached skill level 5 in Stealth
   211 | D        | Reached skill level 5 in Conjurations
   211 | D        | Reached skill level 8 in Fire Magic
   211 | D        | Reached XP level 5. HP: 31/31 MP: 4/14
   211 | D        | Reached XP level 6. HP: 36/36 MP: 4/15
   297 | D        | Found a shimmering blue altar of Sif Muna.
   298 | D        | Found an ornate altar of the Wu Jian Council.
   299 | D        | Found a radiant altar of Vehumet.
   337 | D        | Became a worshipper of Sif Muna the Loreminder
   341 | D        | Found Qomeuqo's Weapon Emporium.
   341 | D        | Found an ancient bone altar of Kikubaaqudgha.
   341 | D        | Found a hazy altar of Hepliaklqana.
   341 | D        | Found a stormy altar of Qazlal.
   341 | D        | Found a hide-covered altar of Uskayaw.
   341 | D        | Found a blossoming altar of Fedhas.
   341 | D        | Found a bloodstained altar of Trog.
   341 | D        | Found an iron altar of Okawaru.
   341 | D        | Found a basalt altar of Yredelemnul.
   341 | D        | Found a glowing golden altar of the Shining One.
   341 | D        | Found a snail-covered altar of Cheibriados.
   341 | D        | Found a sacrificial altar of Ru.
   341 | D        | Found a glowing silver altar of Zin.
   341 | D        | Found a shadowy altar of Dithmenos.
   341 | D        | Found a white marble altar of Elyvilon.
   341 | D        | Noticed a yak
   344 | D        | Slain by a yak

Illustrated notes

Levels and vault maps discovered:
D:        dungeon_sprint_1 [red_sonja_temple_1, red_sonja_temple_small_1]

Skill      XL: |  1  2  3  4 |
---------------+-------------+-----
Stealth        | 3 4 5 |  5.1
Spellcasting   | 3 4 6 |  6.8
Conjurations   | 2 3 5 |  5.2
Fire Magic     | 4 6 8 |  8.3
Dodging        | 3 4 |  4.2

Action                     |  1- 3 |  4- 6 || total
---------------------------+-------+-------++-------
  Melee: Unarmed           |     4 |       ||     4
         Tentacles         |     3 |       ||     3
         Constrict         |     1 |       ||     1
   Cast: Foxfire           |     2 |       ||     2
         Scorch            |     1 |     6 ||     7
         Inner Flame       |     1 |       ||     1
         Flame Wave        |       |     1 ||     1
  Evoke: Wand              |     1 |       ||     1
    Use: Potion            |     2 |       ||     2
  Dodge: Dodged            |       |     2 ||     2

Table legend: (Time is in decaauts)
 A = Elapsed time spent in this place.
 B = Non-inter-level travel time spent in this place.
 C = Inter-level travel time spent in this place.
 D = Time resting spent in this place.
 E = Time spent auto-exploring this place.
 F = Levels seen in this place.
 G = Mean time per level.
                   A        B        C        D        E       F      G
               +--------+--------+--------+--------+--------+-----+--------+
         Total |    343 |    343 |      0 |    220 |      0 |   1 |  343.0 |
       Dungeon |    343 |    343 |      0 |    220 |      0 |   1 |  343.0 |
               +--------+--------+--------+--------+--------+-----+--------+

Top non-repeatable levels by time:
       D: 343 daAuts
